Map: 애씨드 플랜트 - 래더

Players

Solar - Winner!

  • Race: Zerg Zerg
  • League: Platinum
  • Spawn Location: 11:00

LiquidTaeJa (TaeJa)

  • Race: Terran Terran
  • League: Diamond
  • Spawn Location: 5:00

Event: HomeStory Cup XVIII

VOD

Have the link to the VOD?

Description

Time

  • Played on: Nov. 23, 2018, 3:01 p.m.
  • Length: 12:55

All games in this series

Show
View Real Time Build Order
Export as new Build Order

Solar Zerg - Winner!

Build Orders: Hatch First 

Get SALT Encoding   

  12  0:01  Drone  
  13  0:13  Overlord  
  13  0:17  Drone  
  14  0:31  Drone  
  14  0:32  Drone  
  16  0:49  Hatchery  
  15  0:52  Drone  
  15  0:56  Drone  
  17  0:58  Drone  
  18  1:10  Extractor  
  17  1:14  Spawning Pool  
  17  1:17  Drone  
  17  1:20  Drone  
  18  1:29  Drone  
  19  1:41  Drone  
  20  1:59  Hatchery  
  20  2:00  Queen  
  21  2:02  Zergling x2  
  21  2:04  Zergling x2  
  23  2:11  Metabolic Boost  
  23  2:14  Drone  
  24  2:17  Drone  
  25  2:23  Overlord  
  25  2:31  Queen  
  25  2:36  Drone  
  28  2:42  Drone x3  
  31  2:48  Queen  
  33  2:51  Drone  
  33  2:54  Drone  
  35  2:59  Overlord  
  35  3:06  Drone  
  35  3:11  Queen  
  35  3:12  Drone  
  39  3:13  Drone x2  
  39  3:16  Drone  
  39  3:19  Drone  
  43  3:24  Queen  
  43  3:25  Drone  
  46  3:28  Overlord  
  46  3:31  Drone  
  47  3:34  Overlord  
  47  3:40  Drone x3  
  50  3:42  Overlord  
  50  3:47  Queen  
  52  3:51  Zergling x4  
  52  3:54  Drone x2  
  55  3:57  Drone  
  55  3:58  Drone  
  55  4:01  Overlord  
  58  4:02  Drone  
  58  4:03  Drone  
  58  4:07  Zergling x2  
  58  4:08  Zergling x2  
  61  4:13  Drone x2  
  61  4:14  Drone x3  
  66  4:18  Overlord  
  66  4:20  Drone x2  
  68  4:24  Spore Crawler  
  68  4:26  Baneling Nest  
  68  4:27  Drone x2  
  68  4:30  Extractor, Drone  
  68  4:31  Extractor, Drone  
  67  4:36  Overlord, Spore Crawler  
  67  4:38  Drone  
  68  4:39  Drone  
  69  4:46  Lair  
  69  4:47  Drone x3  
  69  4:50  Drone  
  73  4:53  Zergling x6  
  71  5:01  Drone x3  
  71  5:02  Drone x3  
  75  5:08  Drone  
  75  5:11  Evolution Chamber  
  75  5:12  Evolution Chamber  
  75  5:13  Drone  
  75  5:14  Drone x4  
  75  5:20  Drone  
  75  5:21  Overlord  
  79  5:24  Drone  
  79  5:26  Extractor x2  
  78  5:32  Drone x2  
  78  5:35  Drone x4  
  83  5:39  Zerg Ground Armor Level 1  
  83  5:41  Zerg Melee Weapons Level 1  
  84  5:44  Zergling x6  
  84  5:48  Hatchery  
  84  5:49  Overlord  
  86  5:51  Centrifical Hooks  
  86  5:55  Hydralisk Den  
  86  5:56  Zergling x4  
  87  5:58  Zergling x2  
  87  5:59  Zergling x4  
  87  6:03  Overlord  
  87  6:04  Zergling x2  
  91  6:07  Zergling x6  
  91  6:08  Zergling x6  
  91  6:10  Zergling x4  
  99  6:12  Zergling x4  
  99  6:16  Overlord  
  101  6:19  Baneling x7  
  101  6:20  Baneling  
  101  6:22  Zergling x4  
  103  6:26  Zergling x2  
  103  6:30  Grooved Spines  
  103  6:31  Zergling x2  
  103  6:32  Zergling x2  
  106  6:35  Overlord  
  106  6:39  Zergling x2  
  106  6:40  Zergling x6  
  106  6:45  Overseer, Drone  
  110  6:48  Drone  
  110  6:51  Drone  
  110  6:52  Drone  
  110  6:53  Hydralisk x5  
  121  6:57  Overlord  
  121  6:59  Hydralisk  
  123  7:02  Hydralisk  
  123  7:03  Hydralisk  
  123  7:05  Hydralisk  
  123  7:08  Pneumatized Carapace  
  119  7:10  Drone  
  119  7:11  Drone  
  119  7:12  Drone  
  119  7:13  Drone  
  119  7:14  Drone  
  119  7:15  Drone  
  124  7:18  Queen  
  124  7:19  Drone  
  124  7:22  Overlord  
  127  7:23  Overlord  
  127  7:26  Drone x2  
  127  7:27  Hydralisk x4  
  137  7:32  Zergling x6  
  137  7:35  Overlord  
  137  7:36  Extractor  
  139  7:41  Hydralisk x2  
  141  7:44  Zerg Ground Armor Level 2  
  141  7:46  Zerg Melee Weapons Level 2  
  141  7:47  Drone x2  
  141  7:48  Drone x3  
  146  7:54  Drone  
  146  7:55  Infestation Pit, Drone x3  
  149  8:01  Muscular Augments  
  149  8:02  Zergling x2  
  149  8:03  Zergling x16  
  149  8:05  Zergling x2  
  159  8:06  Overlord  
  159  8:12  Hydralisk x2  
  158  8:15  Extractor  
  158  8:18  Drone x4  
  165  8:23  Zergling x4  
  165  8:25  Overlord  
  165  8:26  Hatchery  
  166  8:30  Spire  
  166  8:32  Zergling x16  
  166  8:33  Zergling x2  
  170  8:38  Zergling x8  
  170  8:39  Overlord  
  172  8:45  Hydralisk x3  
  172  8:46  Zergling x2  
  175  8:49  Zergling x4  
  175  8:55  Hive  
  175  8:57  Spire  
  175  8:58  Extractor  
  174  9:06  Zergling x22  
  174  9:08  Baneling x11  
  185  9:16  Hatchery  
  184  9:17  Zergling x2  
  184  9:18  Zergling x6  
  184  9:21  Hydralisk  
  190  9:24  Baneling x2  
  190  9:26  Zergling x2  
  190  9:30  Zergling x2  
  191  9:32  Overlord x2  
  191  9:38  Overlord  
  191  9:50  Zergling x8  
  191  9:51  Zergling x10  
  200  9:54  Baneling x7  
  200  9:56  Baneling x3  
  200  10:01  Zergling x2  
  196  10:12  Zergling x8  
  200  10:21  Baneling x2  
  200  10:22  Baneling x4  
  200  10:23  Greater Spire, Hatchery  
  200  10:25  Adrenal Glands  
  200  10:27  Viper  
  200  10:28  Viper  
  193  10:30  Zergling x8  
  193  10:32  Baneling x4  
  193  10:33  Baneling x4  
  200  10:37  Zergling x6  
  200  10:39  Baneling x7  
  200  10:56  Spore Crawler  
  199  11:02  Zergling x8  
  198  11:14  Zergling x2  
  199  11:24  Overlord x3  
  199  11:26  Overlord  
  199  11:30  Hatchery  
  198  11:34  Zergling x2  
  198  11:37  Baneling x4  
  198  11:54  Hatchery  
  198  11:57  Zergling x10  
  195  12:02  Zergling x2  
  195  12:04  Zergling x2  
  195  12:05  Zergling x6  
  195  12:06  Zergling x18  
  183  12:08  Zergling x2  
  183  12:09  Zergling x22  
  183  12:10  Zergling x20  
  200  12:22  Baneling  
  200  12:23  Baneling  
  200  12:24  Baneling x10  
  200  12:27  Zergling x4  
  200  12:29  Zergling x14  
  199  12:32  Zergling x8  
  199  12:36  Zergling x8  
  199  12:39  Unknown  
Show
View Real Time Build Order
Export as new Build Order

LiquidTaeJa Terran 

Build Orders: Hellion Opening, Reaper Expand 

Get SALT Encoding   

  12  0:00  SCV  
  13  0:12  SCV  
  14  0:17  Supply Depot  
  14  0:25  SCV  
  15  0:38  SCV  
  15  0:39  Barracks  
  16  0:45  Refinery  
  16  0:50  SCV  
  17  1:02  SCV  
  18  1:15  SCV  
  19  1:27  Orbital Command  
  19  1:28  Reaper  
  20  1:37  Command Center  
  20  1:47  Supply Depot  
  20  1:52  SCV  
  21  2:00  Marine  
  22  2:04  SCV  
  22  2:07  Factory  
  23  2:10  Refinery  
  23  2:16  SCV  
  23  2:22  Barracks Reactor  
  24  2:28  SCV  
  25  2:41  SCV  
  26  2:50  Orbital Command  
  26  2:53  Starport, SCV  
  27  3:05  SCV  
  28  3:06  Marine  
  28  3:07  Hellion x2  
  33  3:14  Supply Depot  
  33  3:17  SCV x2  
  35  3:28  Hellion x2, Barracks Tech Lab  
  35  3:29  SCV x2  
  35  3:30  Viking  
  43  3:41  SCV x2  
  45  3:49  Hellion  
  45  3:50  Hellion  
  45  3:53  SCV x2  
  51  3:58  Supply Depot  
  51  4:05  SCV x2  
  51  4:09  Starport Reactor  
  53  4:17  SCV  
  53  4:18  Stimpack  
  53  4:19  Marine, SCV  
  53  4:20  Barracks  
  56  4:25  Command Center  
  56  4:27  Factory Reactor  
  56  4:29  Barracks  
  56  4:32  SCV x2  
  56  4:33  Supply Depot  
  58  4:42  Engineering Bay x2  
  58  4:44  SCV x2  
  60  4:45  Marine  
  59  5:00  SCV x2  
  59  5:03  Marine  
  62  5:08  Terran Infantry Weapons Level 1, Terran Infantry Armor Level 1  
  62  5:09  Marine  
  62  5:10  Factory Tech Lab, Marine  
  62  5:12  SCV  
  62  5:13  Refinery x2  
  64  5:18  SCV  
  65  5:21  Marine  
  65  5:22  Marine x2  
  65  5:24  SCV  
  65  5:27  Marine  
  70  5:29  Marine  
  70  5:32  SCV  
  70  5:34  Supply Depot x2  
  70  5:37  Medivac x2, SCV  
  70  5:38  Orbital Command  
  70  5:39  Marine  
  76  5:42  Barracks  
  76  5:44  Barracks  
  76  5:46  Marine, SCV  
  76  5:48  Marine  
  76  5:49  Marine, SCV  
  81  5:50  Marine  
  81  5:54  Siege Tank  
  85  6:01  SCV x2, Orbital Command  
  85  6:03  Marine  
  88  6:11  Marine x4  
  91  6:13  SCV x2  
  91  6:16  Supply Depot  
  91  6:17  Supply Depot  
  94  6:18  Armory  
  94  6:21  Combat Shield  
  94  6:25  SCV x2  
  96  6:26  SCV  
  96  6:31  Barracks Reactor x2  
  97  6:33  Supply Depot  
  97  6:37  SCV x2  
  97  6:38  Marine x4  
  103  6:40  SCV  
  103  6:43  Siege Tank  
  107  6:47  Medivac x2  
  110  6:56  SCV x3  
  110  6:57  Marine x4  
  110  6:58  Supply Depot  
  110  7:00  Marine  
  118  7:10  Terran Infantry Armor Level 2, Terran Infantry Weapons Level 2  
  118  7:11  SCV  
  118  7:12  SCV  
  118  7:14  Marine x2, Refinery  
  118  7:15  Marine x3  
  120  7:19  SCV  
  120  7:22  Supply Depot  
  121  7:23  Marine x3  
  121  7:24  SCV x2  
  121  7:25  Factory  
  121  7:26  Supply Depot  
  121  7:28  Siege Tank  
  129  7:33  SCV  
  129  7:34  Marine x2, Command Center  
  129  7:36  SCV  
  133  7:43  Marine x4  
  136  7:45  Terran Vehicle Weapons Level 1, SCV  
  136  7:50  Refinery  
  137  7:53  Supply Depot  
  137  7:54  Marine  
  137  7:55  Marine x3, Medivac x2  
  145  8:01  Marine  
  145  8:04  Supply Depot  
  145  8:05  Supply Depot x2  
  146  8:06  Marine x2  
  146  8:12  Factory Tech Lab  
  148  8:15  Siege Tank  
  151  8:20  Sensor Tower  
  151  8:22  Marine x4  
  151  8:23  Marine x2  
  151  8:26  Marine  
  158  8:29  Barracks  
  158  8:31  Barracks  
  158  8:32  Barracks  
  157  8:37  Marine x2  
  157  8:40  Marine x3  
  160  8:46  Siege Tank  
  163  8:52  Marine x2, Unknown x2  
  163  8:54  Marine  
  163  8:55  Siege Tank  
  167  8:56  Medivac x2  
  171  9:07  SCV x3  
  174  9:11  Marine x3  
  174  9:12  Marauder, Marine, Concussive Shells  
  178  9:18  Barracks Tech Lab, Barracks Reactor  
  178  9:20  Barracks Tech Lab  
  178  9:29  Barracks Tech Lab  
  178  9:30  Planetary Fortress  
  177  9:34  Refinery  
  177  9:35  Marauder, Terran Infantry Armor Level 3, Terran Infantry Weapons Level 3  
  177  9:36  Marine x5  
  177  9:37  Medivac  
  186  9:47  Marine x2  
  188  9:53  Command Center  
  182  10:18  Marauder x3, Marine x2  
  182  10:19  Marauder  
  182  10:20  Medivac x2  
  182  10:21  Terran Vehicle Weapons Level 2  
  196  10:27  Marine x2  
  186  10:28  Siege Tank x2  
  186  10:32  Marine  
  186  10:33  Marine  
  186  10:35  Sensor Tower  
  191  10:38  Marine  
  191  10:39  Marine x2, Marauder x2  
  194  10:50  Barracks  
  194  10:51  Barracks  
  194  10:53  Marauder  
  196  10:58  Marine x3  
  196  11:00  Siege Tank  
  198  11:10  Marauder  
  198  11:36  Ghost Academy  
  198  11:37  Starport, Fusion Core  
  198  11:38  Starport, Planetary Fortress  
  198  11:42  Barracks Tech Lab x2  
  194  12:02  Marine x5, Marauder x2  
  166  12:09  Marine x2, Marauder x2  
  166  12:12  Viking x2  
  166  12:15  Starport Reactor, Starport Tech Lab  
  161  12:16  Marine x2  
  161  12:19  Marauder, Marine  
  161  12:20  Marine  
  149  12:23  Marauder, Sensor Tower  
  151  12:30  Marine x2, Marauder x2  
  151  12:33  Marine x4  
  151  12:34  Marauder  
  150  12:37  Marine x2  
Tags
 
Add a new tag
Caveats
  • Supply blocks, unpowered buildings, or Contaminate may cause inaccurate times.
  • Supply counts are checked every 10 seconds.